 Dungeon Crawl Stone Soup version 0.32-a0-834-geaf45d8e21 (webtiles) character file.

Game seed: 12264609754150453710

450 chunkyMonkey the Sneak (level 6, -1/30 HPs)
             Began as a Spriggan Enchanter on Mar 25, 2024.
             Was an Initiate of Beogh.
             Incinerated by a bombardier beetle (5 damage)
             ... with a burning spray
             ... on level 5 of the Dungeon.
             The game lasted 00:11:47 (5163 turns).

chunkyMonkey the Sneak (Spriggan Enchanter)         Turns: 5163, Time: 00:11:47

Health: -1/30      AC:  2    Str:  6    XL:     6   Next: 74%
Magic:  12/12      EV: 18    Int: 16    God:    Beogh [......]
Gold:   264        SH:  0    Dex: 16    Spells: 6/12 levels left

rFire   . . .        v - +1 dagger (venom)
rCold   . . .        (no shield)
rNeg    . . .        b - +0 robe
rPois   .            (helmet restricted)
rElec   .            (no cloak)
rCorr   .            (gloves unavailable)
SInv    +            (boots unavailable)
Will    +....        (no amulet)
Stlth   ++           (no ring)
HPRegen 0.25/turn    (no ring)
MPRegen 0.13/turn

%: no passive effects
@: on fire, glowing, very quick
A: very small, no large weapons, unfitting armour, see invisible, speed 3
a: Renounce Religion


You were on level 5 of the Dungeon.
You worshipped Beogh.
Beogh was noncommittal.
You visited 1 branch of the dungeon, and saw 5 of its levels.

You collected 264 gold pieces.

Inventory:

Hand Weapons
 a - a +1 dagger
 f - a +0 short sword
 g - a +0 falchion
 i - a +4 whip
 r - a +6 dagger
 v - a +1 dagger of venom (weapon)
Missiles
 m - 8 poisoned darts
 q - 2 throwing nets (quivered)
Armour
 b - a +0 robe (worn)
Wands
 t - a wand of flame (17)
Scrolls
 e - 2 scrolls of teleportation
 h - a scroll of immolation
 k - a scroll of enchant weapon {unknown}
 l - 2 scrolls of revelation
 o - a scroll of fear
 u - 2 scrolls of identify
 w - a scroll of noise {unknown}
 x - 2 scrolls of torment {unknown}
 y - a scroll of fog
Potions
 c - 2 potions of invisibility
 d - a potion of curing
 j - a potion of brilliance
 n - a potion of haste {unknown}
 p - a potion of attraction {unknown}
 s - a potion of heal wounds {unknown}
 z - a potion of mutation {unknown}


   Skills:
 + Level 1.5 Fighting
 * Level 3.3(3.6) Short Blades
 + Level 1.3(2.1) Long Blades
 + Level 1.1 Armour
 * Level 4.8 Dodging
 + Level 5.7 Stealth
 + Level 3.5 Spellcasting
 + Level 0.8 Conjurations
 + Level 4.5 Hexes


You had 6 spell levels left.
You knew the following spells:

 Your Spells              Type           Power      Damage    Failure   Level
a - Tukima's Dance        Hex            17%        N/A       9%          3
b - Dazzling Flash        Conj/Hex       22%        N/A       17%         3

Your spell library contained the following spells:

 Spells                   Type           Power      Damage    Failure   Level
 Confusing Touch          Hex            17%        N/A       9%          3
 Sigil of Binding         Hex            17%        N/A       9%          3
 Ensorcelled Hibernation  Hex/Ice        20%        N/A       11%         2
 Freeze                   Ice            8%         1d3       19%         1
 Inner Flame              Hex/Fire       10%        N/A       22%         3
 Hailstorm                Conj/Ice       4%         3d5       41%         3
 Call Canine Familiar     Summ           2%         N/A       47%         3
 Frozen Ramparts          Ice            4%         1d1       47%         3
 Gell's Gravitas          Tloc           2%         N/A       47%         3
 Passwall                 Erth           2%         N/A       47%         3
 Teleport Other           Tloc           2%         N/A       47%         3
 Volatile Blastmotes      Fire/Tloc      4%         2d10      47%         3
 Dimensional Bullseye     Hex/Tloc       5%         N/A       56%         4
 Irradiate                Conj/Alch      2%         3d12      99%         5
 Bombard                  Conj/Erth      2%         9d1       100%        6
 Dispersal                Tloc           1%         N/A       100%        6
 Ignition                 Fire           1%         3d3       100%        8


Dungeon Overview and Level Annotations

Branches:
Dungeon (5/15)
 Temple: D:4-7

Altars:
Ashenzari
Gozag

Annotations:
D:5 Grinder


Innate Abilities, Weirdness & Mutations

You are very small and have problems with some larger weapons.
You are too small for most types of armour.
You have supernaturally acute eyesight. (SInv)
You cover ground extremely quickly. (Speed+++)


Message History

HP restored.
There is an open door here.
Found a stone staircase leading up.
A bombardier beetle comes into view.
A bombardier beetle is nearby!
You hit the bombardier beetle.
The bombardier beetle is poisoned.
The bombardier beetle is lightly wounded.
The bombardier beetle sprays incendiary fluid at you.
The burning spray hits you.
You are covered in liquid fire!
You hit the bombardier beetle.
The bombardier beetle looks as sick as possible!
The bombardier beetle is heavily wounded.
The liquid fire burns you!
You hit the bombardier beetle but do no damage.
The bombardier beetle looks as sick as possible!
The bombardier beetle is almost dead.
The liquid fire burns you!
You kill the bombardier beetle!
Beogh accepts your kill.
You are on fire!
You are on fire!
You are on fire!
Unknown command.
The liquid fire burns you! The liquid fire burns you!
The liquid fire burns you! The liquid fire burns you!
The liquid fire burns you!
* * * LOW HITPOINT WARNING * * *
You feel better. The liquid fire burns you!
* * * LOW HITPOINT WARNING * * *
The liquid fire burns you!
* * * LOW HITPOINT WARNING * * *
The liquid fire burns you!
* * * LOW HITPOINT WARNING * * *
Okay, then.
The liquid fire burns you!
You die...

#........#
#........##
######...<#
#.#### #
#.##.#.#
#.##.#. ##
#.##.. .#
#.##.# .#
#.##@# .#
#.##.# .#
##.##.# .#
#.....# .#
####### ##


There were no monsters in sight!

Vanquished Creatures
  2 scorpions (D:4)
  2 bombardier beetles
  A sleepcap (D:5)
  3 orc wizards
  2 gnolls (D:4)
  3 adders
  A shadow imp (D:5)
  A dart slug (D:2)
  11 orcs
  4 ball pythons
  6 endoplasms
  3 giant cockroaches
  7 goblins
  6 hobgoblins
  8 jackals (D:4)
  7 kobolds
  4 quokkas
  10 bats
  9 frilled lizards
  3 rats
93 creatures vanquished.

Vanquished Creatures (others)
  3 dancing weapons
3 creatures vanquished.

Grand Total: 96 creatures vanquished

Notes
Turn   | Place    | Note
-------+----------+-------------------------------------------
     0 | D:1      | chunkyMonkey the Spriggan Enchanter began the quest for the
                  | Orb.
     0 | D:1      | Reached XP level 1. HP: 9/9 MP: 5/5
   534 | D:1      | Reached XP level 2. HP: 13/13 MP: 6/6
  1274 | D:2      | Reached XP level 3. HP: 14/17 MP: 8/8
  1304 | D:2      | Learned a level 3 spell: Tukima's Dance
  1308 | D:2      | Learned a level 3 spell: Dazzling Flash
  2219 | D:3      | Reached XP level 4. HP: 21/21 MP: 9/9
  2344 | D:3      | Found an opulent altar of Gozag.
  2500 | D:3      | Reached skill level 5 in Stealth
  3129 | D:4      | Reached XP level 5. HP: 25/25 MP: 10/10
  3458 | D:4      | Reached skill level 1 in Fighting
  3458 | D:4      | Reached skill level 1 in Long Blades
  3514 | D:4      | Reached skill level 1 in Armour
  3514 | D:4      | Reached XP level 6. HP: 30/30 MP: 10/12
  3801 | D:5      | Entered Level 5 of the Dungeon
  4224 | D:5      | Noticed Grinder
  4379 | D:5      | Found a broken altar of Ashenzari.
  4594 | D:5      | Became a worshipper of Beogh the Shepherd
  4912 | D:5      | Paralysed by Grinder for 3 turns
  4930 | D:5      | Paralysed by Grinder for 3 turns
  5163 | D:5      | Incinerated by a bombardier beetle

Illustrated notes

Levels and vault maps discovered:
D:1:      psy_arrival_spokes, layout_basic, corexii_corridor_pit
D:2:      layout_basic, minmay_hexomino_c4
D:3:      layout_rooms, mainiacjoe_overflow_catwalk
D:4:      layout_basic
D:5:      layout_basic, nicolae_ashenzari_panopticon, kennysheep_diamond,
          uniq_grinder

Skill      XL: |  1  2  3  4  5 |
---------------+----------------+-----
Dodging        | 3 4 |  4.8
Short Blades   | 2 3 |  3.3
Spellcasting   | 3 |  3.5
Hexes          | 4 |  4.5
Stealth        | 5 |  5.7
Fighting       | 1 |  1.5
Long Blades    | 1 |  1.3
Armour         | 1 |  1.1
Conjurations   | |  0.8

Action                     |  1- 3 |  4- 6 || total
---------------------------+-------+-------++-------
  Melee: Falchion          |    74 |       ||    74
         Dagger            |    45 |   156 ||   201
   Cast: Tukima's Dance    |       |     4 ||     4
 Invoke: Convert to Beogh  |       |     1 ||     1
  Evoke: Wand              |       |    14 ||    14
    Use: Scroll            |     9 |     1 ||    10
         Potion            |       |     4 ||     4
   Stab: Sleeping          |    13 |     4 ||    17
 Armour: Robe              |    46 |    37 ||    83
  Dodge: Dodged            |    84 |   105 ||   189

Table legend: (Time is in decaauts)
 A = Elapsed time spent in this place.
 B = Non-inter-level travel time spent in this place.
 C = Inter-level travel time spent in this place.
 D = Time resting spent in this place.
 E = Time spent auto-exploring this place.
 F = Levels seen in this place.
 G = Mean time per level.
                   A        B        C        D        E       F      G
               +--------+--------+--------+--------+--------+-----+--------+
         Total |   3978 |   3902 |     76 |   1593 |   1482 |   5 |  795.6 |
       Dungeon |   3978 |   3902 |     76 |   1593 |   1482 |   5 |  795.6 |
               +--------+--------+--------+--------+--------+-----+--------+

Top non-repeatable levels by time:
     D:5: 1029 daAuts
     D:4: 858 daAuts
     D:2: 820 daAuts
     D:1: 700 daAuts
     D:3: 569 daAuts
